 Dungeon Crawl Stone Soup version 0.21.1 (webtiles) character file.

8517 Monsterracer the Grappler (level 11, -7/74 HPs)
             Began as an Octopode Fighter on Feb 1, 2018.
             Was a High Priest of Cheibriados.
             Engulfed by an ice statue's freezing vapour (21 damage)
             ... in an ice cave on Feb 2, 2018.
             The game lasted 00:29:09 (14103 turns).

Monsterracer the Grappler (Octopode Fighter)       Turns: 14103, Time: 00:29:10

Health: -7/74      AC:  3    Str: 28    XL:     11   Next: 32%
Magic:  33/33      EV: 17    Int: 24    God:    Cheibriados [*****.]
Gold:   802        SH: 13    Dex: 22    Spells: 6/10 levels left

rFire    + . .     SeeInvis .     - Unarmed
rCold    . . .     Gourm    .   a - +1 shield
rNeg     + . .     Faith    .   t - +2 hat
rPois    +         Spirit   .   y - amulet of inaccuracy (curse)
rElec    .         Reflect  .   f - ring of magical power
rCorr    .         Harm     .   h - ring of magical power
MR       .....                  r - ring of protection from fire {!d}
Stlth    ++++++....             w - ring of poison resistance {!d}
HPRegen  0.22/turn              x - ring of positive energy {!d}
MPRegen  0.23/turn              (no ring)
                                (no ring)
                                (no ring)

@: very slow
A: almost no armour, stealthy swim, amphibious, 8 rings, constrict 8, camouflage
1, gelatinous body 1
a: Bend Time, Temporal Distortion, Slouch, Step From Time, Renounce Religion


You were in an ice cave.
You worshipped Cheibriados.
Cheibriados was extremely pleased with you.
You were not hungry.

You visited 3 branches of the dungeon, and saw 12 of its levels.
You also visited: Ice Cave.

You collected 802 gold pieces.

Inventory:

Armour
 a - a +1 shield (worn)
 t - a +2 hat (worn)
Jewellery
 f - a ring of magical power (left tentacle)
 h - a ring of magical power (right tentacle)
 r - a ring of protection from fire (on tentacle) {!d}
 v - an uncursed ring of fire
 w - a ring of poison resistance (on tentacle) {!d}
 x - a ring of positive energy (on tentacle) {!d}
 y - a cursed amulet of inaccuracy (around mantle)
Scrolls
 b - a scroll of fear {!r}
 e - 2 scrolls of amnesia
 g - 5 scrolls of teleportation
 j - 2 scrolls of identify
 k - 2 scrolls of enchant armour
 m - 2 scrolls of magic mapping {!r}
 z - 2 scrolls of fog
Potions
 d - 2 potions of heal wounds
 i - 6 potions of curing
 l - 2 potions of magic
 n - 2 potions of brilliance
 o - a potion of ambrosia {!q}
 p - a potion of resistance
 q - a potion of agility
 s - 2 potions of mutation {!q}
 u - 2 potions of flight
Comestibles
 c - 33 rations


   Skills:
 + Level 6.7 Fighting
 + Level 6.9 Dodging
 + Level 9.5 Stealth
 + Level 7.0 Shields
 * Level 10.3 Unarmed Combat
 + Level 6.5 Invocations


You had 6 spell levels left.
You knew the following spells:

 Your Spells              Type           Power        Failure   Level  Hunger
a - Airstrike             Air            #.........   99%         4    #####..


Dungeon Overview and Level Annotations

Branches:
Dungeon (10/15)            Temple (1/1) D:4            Lair (1/6) D:9
    Orc (0/2) D:9

Altars:
Ashenzari
Cheibriados
Dithmenos
Elyvilon
Fedhas
Gozag
Hepliaklqana
Kikubaaqudgha
Makhleb
Nemelex Xobeh
Okawaru
Qazlal
Ru
Sif Muna
Trog
Uskayaw
Vehumet
Wu Jian
Xom
Yredelemnul
Zin
The Shining One

Annotations:
IceCv exclusion: 2 ice statues


Innate Abilities, Weirdness & Mutations

You cannot wear most types of armour.
You are very stealthy in the water. (Stealth+)
You are amphibious.
You can wear up to eight rings at the same time.
You can use your tentacles to constrict eight enemies at once.
Your skin changes colour to match your surroundings (Stealth+).
Your rubbery body absorbs attacks. (AC +1, EV +1)


Message History

You kill the ufetubus!
Cheibriados thoroughly appreciates the change of pace.
You kill the white imp!
Cheibriados thoroughly appreciates the change of pace.
You kill the white imp!
Cheibriados appreciates the change of pace.
You kill the white imp!
Cheibriados thoroughly appreciates the change of pace.
You kill the ufetubus!
Cheibriados appreciates the change of pace.
You kill the ufetubus!
Cheibriados thoroughly appreciates the change of pace.
Cheibriados raises the support of your attributes as your movement slows.
You kill the white imp!
Cheibriados thoroughly appreciates the change of pace.
You are feeling hungry.
Cheibriados lowers the support of your attributes as your movement quickens.
You now have 28/33 mp.
Marking area around the ice statue as unsafe for travelling.
Marking area around the ice statue as unsafe for travelling. 2 ice statues come into view.
You swing at nothing.
You swing at nothing.
What are your orders? t - Shout!
Orders for allies: a - Attack new target. r - Retreat! s - Stop attacking. g - Guard the area. f - Follow me.
Anything else - Cancel.
You shout for attention!
The white imp shouts!
You swing at nothing.
You closely miss the white imp. Your grab misses the white imp.
Your squeeze misses the white imp. The white imp gestures at you.
You block the puff of frost.
You bludgeon the white imp!
You kill the white imp!
Cheibriados appreciates the change of pace.
You start resting.
Eating a chunk of flesh.
You eat the chunk of flesh.
This raw flesh tastes terrible.
Magic restored.
You regained 2 hp, and now have 14/74 hp.
MP restored: 33 You start resting.
You start to feel less resistant.
You regained 3 hp, and now have 17/74 hp.
You start resting.
Your resistance to elements expires.
You start resting.
HP restored.
Health restored: 74 You start waiting.
Done waiting.
Really walk into a travel-excluded area?
The ice statue gestures.
You tentacle-slap the ice beast but do no damage.
You squeeze the ice beast, but do no damage.
You block the ice beast's attack.
You miss the ice beast.
Your tentacle-slap misses the ice beast.
The ice beast hits you but does no damage.
You closely miss the ice beast. You tentacle-slap the ice beast.
The ice beast is lightly wounded.
The ice beast misses you.
You tentacle-slap the ice beast but do no damage.
You tentacle-slap the ice beast, but do no damage.
You squeeze the ice beast.
The ice beast is lightly wounded.
You block the ice beast's attack.
You bludgeon the ice beast!
Your tentacle-slap misses the ice beast.
You squeeze the ice beast!
The ice beast is severely wounded.
The ice beast hits you but does no damage.
You miss the ice beast.
Your tentacle-slap misses the ice beast.
You squeeze the ice beast.
The ice beast is almost dead.
The ice beast hits you. The ice beast freezes you!
You take 16 damage, and have 58/74 hp.
MASSIVE DAMAGE!!
You barely miss the ice beast.
You kill the ice beast!
You start resting.
HP restored.
Health restored: 74 Really walk into a travel-excluded area?
The ice statue glitters chillingly in the dim dungeon light.
You tentacle-slap the ice statue but do no damage.
You squeeze the ice statue, but do no damage.
The ice statue gestures at you.
The ice statue gestures.
You are engulfed in freezing vapours.
Ouch! That really hurt!
* * * LOW HITPOINT WARNING * * *
You take 36 damage, and have 38/74 hp.
MASSIVE DAMAGE!!
You are engulfed in freezing vapours.
* * * LOW HITPOINT WARNING * * *
You block the ice beast's attack.
You take 24 damage, and have 14/74 hp.
MASSIVE DAMAGE!!
You closely miss the ice beast.
You are engulfed in freezing vapours.
You die...

#####
#####...##
##........##
##..........#
#..........##
........§...#
.......§§§.#
#......§§Y.#
###8#..§@#8#
##..####
#§§## ##.§##
##§§# ##§§§#
##.§§##
#.§.## #...##


You could see an ice beast.

Vanquished Creatures
  A hydra (D:9)
  2 rime drakes (Lair:1)
  A hippogriff (D:7)
  2 dream sheep (D:9)
  A wyvern (D:8)
  7 yaks
  4 orc warriors
  3 porcupines (D:9)
  2 ice beasts
  6 sky beasts
  4 black bears
  3 phantoms
  6 ogres
  2 centaurs
  A crocodile (D:9)
  5 big kobolds (D:9)
  Blork the orc (D:4)
  6 bullfrogs
  3 scorpions
  The ghost of jazmu the Poker, a weakling MfGl (D:3)
  4 wights (D:7)
  7 crimson imps
  2 bullfrog zombies
  5 hounds
  6 orc priests
  2 jellies
  A bullfrog skeleton (D:7)
  6 orc wizards
  5 iguanas
  Ijyb (D:3)
  5 worker ants
  A killer bee zombie (D:5)
  A hound zombie (D:7)
  Robin (D:3)
  A howler monkey zombie (D:5)
  9 adders
  3 gnolls (D:4)
  2 shadow imps
  7 white imps (IceCv)
  3 ufetubi (IceCv)
  An ooze (D:1)
  2 adder zombies
  2 worms
  2 dart slugs
  9 leopard geckos
  40 orcs
  3 ball pythons
  2 giant cockroaches
  19 goblins
  13 hobgoblins
  17 jackals
  2 quokkas
  9 bats
  5 frilled lizards
  A jackal skeleton (D:4)
  22 kobolds
  2 quokka skeletons
  7 rats
291 creatures vanquished.

Vanquished Creatures (others)
  A reaper (IceCv)
  2 white imps (IceCv)
  3 ufetubi (IceCv)
  An orc (D:6)
  8 fungi (D:9)
15 creatures vanquished.

Grand Total: 306 creatures vanquished

Notes
Turn   | Place    | Note
-------+----------+-------------------------------------------
     0 | D:1      | Monsterracer the Octopode Fighter began the quest for the Orb.
     0 | D:1      | Reached XP level 1. HP: 16/16 MP: 1/1
   234 | D:1      | HP: 8/16 [dart slug (2)]
   240 | D:1      | Reached XP level 2. HP: 9/21 MP: 2/2
   459 | D:1      | Reached skill level 3 in Unarmed Combat
   616 | D:1      | HP: 10/21 [goblin/dagger (2)]
   617 | D:1      | Reached XP level 3. HP: 13/26 MP: 3/3
   644 | D:1      | HP: 12/26 [ooze (2)]
   921 | D:1      | Upgraded the game from 0.21.0-37-g46506fa to 0.21.1
  1428 | D:2      | Reached skill level 1 in Stealth
  1657 | D:2      | Reached skill level 4 in Unarmed Combat
  1657 | D:2      | Reached XP level 4. HP: 31/31 MP: 4/4
  1753 | D:2      | HP: 8/31 [worm (11)]
  2301 | D:3      | Noticed Ijyb
  2313 | D:3      | HP: 13/31 [Ijyb/dagger of protection (5)]
  2314 | D:3      | Killed Ijyb
  2543 | D:3      | HP: 15/31 [adder (4)]
  2545 | D:3      | HP: 6/31 [adder (3)]
  2874 | D:3      | Noticed Robin
  3017 | D:2      | Reached XP level 5. HP: 31/36 MP: 5/5
  3102 | D:3      | Killed Robin
  3251 | D:3      | Reached skill level 5 in Unarmed Combat
  3257 | D:3      | Noticed jazmu's ghost (weakling MfGl)
  3669 | D:3      | HP: 13/36 [jazmu's ghost (12)]
  3674 | D:3      | HP: 4/36 [jazmu's ghost (6)]
  3750 | D:3      | Killed jazmu's ghost
  3750 | D:3      | Reached XP level 6. HP: 15/42 MP: 6/6
  4323 | D:4      | Found a staircase to the Ecumenical Temple.
  4337 | D:4      | HP: 21/42 [worker ant (6)]
  4342 | Temple   | Entered the Ecumenical Temple
  4342 | Temple   | HP: 15/42 [poisoned by a worker ant]
  4347 | Temple   | HP: 12/42 [poisoned by a worker ant]
  4352 | Temple   | HP: 8/42 [poisoned by a worker ant]
  4358 | Temple   | HP: 6/42 [poisoned by a worker ant]
  4364 | Temple   | HP: 5/42 [poisoned by a worker ant]
  4372 | Temple   | HP: 4/42 [poisoned by a worker ant]
  4391 | Temple   | Became a worshipper of Cheibriados the Contemplative
  4725 | D:4      | Noticed a sky beast
  4806 | D:4      | Noticed a phantom
  4914 | D:4      | Noticed a phantom
  5158 | D:4      | Noticed Blork the orc
  5167 | D:4      | Killed Blork the orc
  5167 | D:4      | Reached skill level 1 in Invocations
  5167 | D:4      | Reached XP level 7. HP: 32/46 MP: 7/7
  5300 | D:5      | Entered Level 5 of the Dungeon
  5498 | D:3      | Reached skill level 6 in Unarmed Combat
  6128 | D:4      | Reached * piety under Cheibriados
  6263 | D:4      | HP: 19/46 [something (6)]
  6267 | D:4      | HP: 8/46 [something (6)]
  6277 | D:4      | Reached skill level 5 in Stealth
  6387 | D:5      | Reached XP level 8. HP: 52/54 MP: 9/9
  6892 | D:6      | HP: 27/54 [iguana (4)]
  6897 | D:6      | HP: 19/54 [something (3)]
  6898 | D:6      | HP: 7/54 [something (5)]
  7101 | D:5      | Reached skill level 7 in Unarmed Combat
  7148 | D:5      | Reached ** piety under Cheibriados
  7955 | D:6      | HP: 10/54 [orc warrior/scimitar (19)]
  8301 | D:6      | Reached XP level 9. HP: 59/59 MP: 11/11
  8515 | D:6      | Reached skill level 5 in Shields
  8604 | D:6      | Reached skill level 5 in Dodging
  8631 | D:6      | Reached skill level 8 in Unarmed Combat
  8746 | D:6      | Got a brightly glowing scimitar
  9048 | D:6      | Reached *** piety under Cheibriados
  9048 | D:6      | Reached skill level 5 in Fighting
  9127 | D:6      | Found a radiant altar of Vehumet.
  9255 | D:7      | HP: 13/61 [ogre/giant club (31)]
 10182 | D:7      | Reached XP level 10. HP: 64/66 MP: 13/13
 10226 | D:7      | Reached **** piety under Cheibriados
 10362 | D:7      | Reached skill level 5 in Invocations
 10748 | D:8      | Learned a level 4 spell: Airstrike
 10756 | D:8      | Reached skill level 9 in Unarmed Combat
 10793 | D:8      | Found a stormy altar of Qazlal.
 11956 | D:9      | HP: 26/68 [porcupine's spines (14)]
 12216 | D:9      | Found a staircase to the Lair.
 12264 | D:9      | HP: 24/68 [crocodile (15)]
 12571 | D:9      | Found a staircase to the Orcish Mines.
 12672 | D:9      | Reached ***** piety under Cheibriados
 12764 | D:9      | Noticed a two-headed hydra
 12765 | D:9      | Found the +5 scythe "Finisher" {speed, Str+3}
 12778 | D:9      | Killed a two-headed hydra
 12778 | D:9      | Reached skill level 10 in Unarmed Combat
 12778 | D:9      | Reached XP level 11. HP: 44/74 MP: 15/15
 12785 | D:9      | HP: 34/74 [yak (12)]
 12790 | D:9      | HP: 25/74 [big kobold (3)]
 13378 | D:10     | Entered Level 10 of the Dungeon
 13378 | D:10     | Noticed a two-headed ogre
 13418 | Lair:1   | Entered Level 1 of the Lair of Beasts
 13435 | Lair:1   | Found a frozen archway.
 13599 | IceCv    | Entered an ice cave
 13624 | IceCv    | HP: 14/74 [something (41)]
 13686 | IceCv    | Killed a reaper
 14101 | IceCv    | HP: 37/74 [something] (37)]
 14102 | IceCv    | HP: 14/74 [something] (24)]
 14103 | IceCv    | Engulfed by an ice statue's freezing vapour

Skill      XL: |  1  2  3  4  5  6  7  8  9 10 11 |
---------------+----------------------------------+-----
Unarmed Combat | 3 4 5 6 7 8 10 | 10.3
Stealth        | 1 2 3 4 5 6 7 9 |  9.5
Invocations    | 1 2 3 4 6 |  6.5
Shields        | 4 5 6 7 |  7.0
Dodging        | 4 5 6 |  6.9
Fighting       | 4 5 6 |  6.7

Action                   |  1- 3 |  4- 6 |  7- 9 | 10-12 || total
-------------------------+-------+-------+-------+-------++-------
Melee: Unarmed           |    87 |   168 |   289 |   210 ||   754
       Constrict         |    23 |    40 |    63 |    34 ||   160
       Tentacles         |    13 |    40 |    81 |    76 ||   210
       Punch             |     1 |     4 |    15 |    33 ||    53
Throw: Throwing net      |       |       |     2 |       ||     2
Invok: Slouch            |       |       |       |     3 ||     3
  Use: Potion            |       |     1 |     5 |     1 ||     7
       Scroll            |       |    12 |     6 |     3 ||    21
 Stab: Sleeping          |     3 |     3 |    27 |     9 ||    42
       Distracted        |       |     1 |     1 |     1 ||     3
  Eat: Chunk             |     2 |    11 |    10 |     6 ||    29
Armor: Skin              |       |     4 |    25 |    13 ||    42
Dodge: Dodged            |    32 |    52 |    81 |    74 ||   239
Block: Shield            |    27 |    52 |   116 |   126 ||   321

Vault maps used:
D:1:      nzn_arrival_crosshair, st_stairs_14
D:3:      uniq_robin, uniq_ijyb
D:4:      corexii_shantytown, minmay_temple_entry_junction_2, first_ration,
          uniq_blork_the_orc
D:6:      cheibrodos_fzero, fiery_altar_vehumet
D:8:      grunt_qazlal_clouds
D:9:      due_lair_maze_entry_diamond, hangedman_ranch
D:10:     uniq_fannar
Temple:   kilobyte_greek_temple
Lair:1:   portal_ice_cave_rime, serial_bayou_pond_d
IceCv:    ice_cave_small_demon
